 Dungeon Crawl Stone Soup version 0.29.0-4-gdea44cf6ec (webtiles) character file.

Game seed: 6593394864526628127

128 qw the Chopper (level 5, -2/30 HPs)
             Began as a Tengu Warper on Aug 28, 2022.
             Slain by a gnoll
             ... wielding a +0 whip
              (7 damage)
             ... on level 3 of the Dungeon.
             The game lasted 00:00:18 (3006 turns).

qw the Chopper (Tengu Warper)                       Turns: 3006, Time: 00:00:19

Health: -2/30      AC:  5    Str: 19    XL:     5   Next: 12%
Magic:  9/9        EV: 13    Int: 13    God:
Gold:   86         SH:  0    Dex: 14    Spells: 8/8 levels left

rFire   . . .      SeeInvis .   Y - +0 hand axe
rCold   . . .      Faith    .   (no shield)
rNeg    . . .      Spirit   .   h - +0 ring mail
rPois   .          Reflect  .   (helmet restricted)
rElec   .          Harm     .   (no cloak)
rCorr   .          Rampage  .   (no gloves)
Will    .....                   (boots unavailable)
Stlth   +.........              (no amulet)
HPRegen 0.10/turn               e - +6 ring of strength
MPRegen 0.11/turn               (no ring)

@: flying quickly and evasively, quick
A: beak, talons 3, nimble flight
a: no special abilities


You were on level 3 of the Dungeon.
You visited 1 branch of the dungeon, and saw 3 of its levels.

You collected 86 gold pieces.


Innate Abilities, Weirdness & Mutations

You have a beak for a mouth.
You have claws for feet.
Your magical nature lets you fly swiftly and evasively.


   Skills:
 - Level 2.0 Fighting
 + Level 5.6 Axes
 - Level 1.0 Throwing
 - Level 1.1 Armour
 - Level 2.1 Dodging
 - Level 2.0 Spellcasting
 - Level 2.4 Translocations


You had 8 spell levels left.
You didn't know any spells.
Your spell library contained the following spells:

 Spells                   Type           Power      Damage    Failure   Level
 Blink                    Tloc           14%        N/A       26%         2
 Gell's Gravitas          Tloc           7%         N/A       45%         3
 Lesser Beckoning         Tloc           7%         N/A       45%         3
 Teleport Other           Tloc           7%         N/A       45%         3
 Manifold Assault         Tloc           7%         N/A       99%         5

Inventory:

Hand Weapons
 j - a +0 mace
 Y - a +0 hand axe (weapon)
Armour
 b - a +0 plate armour
 c - a +0 chain mail
 h - a +0 ring mail (worn)
Jewellery
 d - a +6 ring of dexterity
 e - a +6 ring of strength (left hand)
Scrolls
 f - a scroll of brand weapon {unknown}
 g - a scroll of identify
Potions
 a - a potion of degeneration {unknown}
 i - a potion of invisibility {unknown}
 k - a potion of attraction {unknown}
 l - a potion of curing {unknown}

Dungeon Overview and Level Annotations

Branches:
Dungeon (3/15)

Altars:
Wu Jian

Shops:
D:3 [


Message History

Things that are here:
a +0 dagger of draining; 4 stones; a kobold corpse You see here a +0 club.
Found an escape hatch in the floor.
The gnoll shouts!
You hear a shout!
A kobold comes into view. It is wielding a +0 dagger.
The kobold shouts!
The kobold throws a stone.
The stone barely misses you.
The gnoll shouts!
The gnoll shouts!
The gnoll barely misses you.
You barely miss the gnoll. Your kick misses the gnoll.
The gnoll hits you with a +0 spear.
You slash the gnoll! Your kick misses the gnoll. You peck the gnoll.
The gnoll is almost dead.
The gnoll drinks a potion.
The gnoll goes berserk!
The gnoll hits you from afar with a +0 spear.
The gnoll hits you with a +0 spear.
You hit the gnoll.
You kill the gnoll!
You hit the kobold. The kobold completely misses you.
The gnoll barely misses you.
You closely miss the kobold. Your kick misses the kobold.
The kobold is severely wounded.
You hit the gnoll. The gnoll hits you with a +0 whip!
The gnoll hits you but does no damage. The kobold barely misses you.
The gnoll barely misses you.
You barely miss the kobold. You peck the kobold.
You kill the kobold!
You closely miss the gnoll. The gnoll hits you with a +0 whip.
The gnoll misses you. The gnoll closely misses you.
You hit the gnoll but do no damage. You claw the gnoll.
The gnoll is severely wounded.
The gnoll closely misses you. The gnoll misses you.
The gnoll barely misses you. The gnoll closely misses you.
You hit the gnoll.
The gnoll is almost dead.
The gnoll hits you with a +0 whip!
You die...

####### ....... ...^...
....... ...>...
......)#################
.....gg@.........)......
.....g.#######.....#####
....... ###.#....##
....... #.####...
....... #...####.
.###### ###.# ## ## #.##
#. ########## #..# ##
##.#### #........#
##.###.


You could see 3 gnolls.

Vanquished Creatures
  A gnoll (D:3)
  3 adders (D:2)
  3 dart slugs
  2 orcs (D:3)
  9 bats
  2 endoplasms
  5 giant cockroaches
  5 goblins
  5 hobgoblins
  8 jackals
  7 kobolds
  3 quokkas
  11 ball pythons
  8 frilled lizards
  9 rats
81 creatures vanquished.

Notes
Turn   | Place    | Note
-------+----------+-------------------------------------------
     0 | D:1      | qw the Tengu Warper began the quest for the Orb.
     0 | D:1      | Reached XP level 1. HP: 12/12 MP: 4/4
     0 | D:1      | 0 ||| qw: Version: 0.1-a-89-g26bdef1
     0 | D:1      | 0 ||| qw: Game counter: 938
     0 | D:1      | 0 ||| qw: Always use a shield: true
     0 | D:1      | 0 ||| qw: God list: Okawaru
     0 | D:1      | 0 ||| qw: Allow faded altars: false
     0 | D:1      | 0 ||| qw: Do Orc after D:15 true
     0 | D:1      | 0 ||| qw: Do second Lair branch before Depths: true
     0 | D:1      | 0 ||| qw: Lair rune preference: random
     0 | D:1      | 0 ||| qw: Plans: Normal
     0 | D:1      | 0 ||| PLANNING D:1-11
    79 | D:1      | 79 ||| Stepping ~*~*~tactically~*~*~ (stealth).
    81 | D:1      | 81 ||| Stepping ~*~*~tactically~*~*~ (stealth).
    87 | D:1      | 87 ||| Stepping ~*~*~tactically~*~*~ (stealth).
    88 | D:1      | 88 ||| Stepping ~*~*~tactically~*~*~ (stealth).
   203 | D:1      | 203 ||| Stepping ~*~*~tactically~*~*~ (stealth).
   204 | D:1      | 204 ||| Stepping ~*~*~tactically~*~*~ (stealth).
   234 | D:1      | Reached XP level 2. HP: 13/17 MP: 6/6
   253 | D:1      | 253 ||| Stepping ~*~*~tactically~*~*~ (stealth).
   276 | D:1      | 276 ||| Stepping ~*~*~tactically~*~*~ (stealth).
   312 | D:1      | 312 ||| Stepping ~*~*~tactically~*~*~ (stealth).
   315 | D:1      | 315 ||| Stepping ~*~*~tactically~*~*~ (stealth).
   317 | D:1      | 317 ||| Stepping ~*~*~tactically~*~*~ (stealth).
   318 | D:1      | 318 ||| Stepping ~*~*~tactically~*~*~ (stealth).
   324 | D:1      | Reached skill level 3 in Axes
   335 | D:1      | 335 ||| Stepping ~*~*~tactically~*~*~ (stealth).
   352 | D:1      | 352 ||| Stepping ~*~*~tactically~*~*~ (stealth).
   700 | D:1      | Found a faded altar of an unknown god.
   915 | D:1      | 915 ||| Stepping ~*~*~tactically~*~*~ (stealth).
   916 | D:1      | 916 ||| Stepping ~*~*~tactically~*~*~ (stealth).
   917 | D:1      | 917 ||| Stepping ~*~*~tactically~*~*~ (stealth).
   918 | D:1      | 918 ||| Stepping ~*~*~tactically~*~*~ (stealth).
   924 | D:1      | Reached XP level 3. HP: 21/21 MP: 7/7
  1042 | D:1      | Reached skill level 4 in Axes
  1378 | D:1      | 1378 ||| UPGRADING to +0 ring mail.
  1388 | D:1      | 1388 ||| DROPPING +0 leather armour.
  1389 | D:1      | 1389 ||| DROPPING scarf of shadows.
  1390 | D:1      | 1390 ||| UPGRADING to +6 ring of strength.
  1391 | D:1      | 1391 ||| READING scroll labelled YSENAA TYBIM.
  1392 | D:1      | 1392 ||| READING scroll labelled ACRAEX ANALEJE.
  1393 | D:1      | 1393 ||| READING scroll labelled VAUGIO SECYPOU.
  1394 | D:1      | 1394 ||| READING scroll labelled REJOCAILAWN.
  1397 | D:1      | 1397 ||| DROPPING scroll of blinking.
  1528 | D:2      | Found an ornate altar of the Wu Jian Council.
  1932 | D:2      | Reached XP level 4. HP: 26/26 MP: 8/8
  1948 | D:2      | 1948 ||| Stepping ~*~*~tactically~*~*~ (stealth).
  2177 | D:2      | Reached skill level 5 in Axes
  2199 | D:2      | 2199 ||| DROPPING +0 club.
  2371 | D:2      | 2371 ||| READING scroll labelled AXOUNU DUUMU.
  2372 | D:2      | 2372 ||| READING scroll labelled ROFUZA COMMEC.
  2373 | D:2      | 2373 ||| READING 2 scrolls labelled CIFEOPS MAXTUTS.
  2374 | D:2      | 2374 ||| DRINKING 2 white potions.
  2375 | D:2      | 2375 ||| DRINKING 2 amethyst potions.
  2376 | D:2      | 2376 ||| DROPPING potion of brilliance.
  2385 | D:3      | Found Deshuve's Antique Armour Shop.
  2446 | D:3      | 2446 ||| SHOPLISTING buckler (112 gold, have 42).
  2446 | D:3      | 2446 ||| SHOPLISTING pair of glowing gloves (187 gold, have
                  | 42).
  2446 | D:3      | 2446 ||| SHOPLISTING pair of scorched gloves (237 gold,
                  | have 42).
  2446 | D:3      | 2446 ||| SHOPLISTING runed chain mail (187 gold, have 42).
  2446 | D:3      | 2446 ||| SHOPLISTING runed scarf (200 gold, have 42).
  2504 | D:3      | 2504 ||| Stepping ~*~*~tactically~*~*~ (hiding).
  2505 | D:3      | 2505 ||| Stepping ~*~*~tactically~*~*~ (hiding).
  2511 | D:3      | 2511 ||| Stepping ~*~*~tactically~*~*~ (hiding).
  2514 | D:3      | 2514 ||| Stepping ~*~*~tactically~*~*~ (stealth).
  2515 | D:3      | 2515 ||| Stepping ~*~*~tactically~*~*~ (stealth).
  2518 | D:3      | 2518 ||| Stepping ~*~*~tactically~*~*~ (stealth).
  2522 | D:3      | 2522 ||| Stepping ~*~*~tactically~*~*~ (stealth).
  2775 | D:3      | 2775 ||| Stepping ~*~*~tactically~*~*~ (hiding).
  2781 | D:3      | 2781 ||| Stepping ~*~*~tactically~*~*~ (hiding).
  2787 | D:3      | HP: 5/26 [gnoll/+0 spear (9)]
  2788 | D:3      | 2788 ||| READING scroll of teleportation.
  2789 | D:3      | 2789 ||| DRINKING potion of heal wounds.
  2905 | D:3      | Gained mutation: Your magical nature lets you fly swiftly
                  | and evasively. [Tengu growth]
  2905 | D:3      | Reached XP level 5. HP: 30/30 MP: 9/9
  3004 | D:3      | HP: 4/30 [gnoll/+0 whip (5)]
  3006 | D:3      | Slain by a gnoll

Levels and vault maps discovered:
D:1:      heliophobic_arrival_ceremonial_halls, layout_loops_ring,
          chequers_ecumenical_altar_island, minmay_octomino_c4
D:2:      layout_basic, basic_altar
D:3:      layout_rooms, serial_shops, nicolae_shop_waterfront, minmay_ruptured

Skill      XL: |  1  2  3  4 |
---------------+-------------+-----
Axes           | 3 4 5 |  5.6
Fighting       | |  2.0
Throwing       | |  1.0
Armour         | |  1.1
Dodging        | |  2.1
Spellcasting   | |  2.0
Translocations | |  2.4

Action                   |  1- 3 |  4- 6 || total
-------------------------+-------+-------++-------
Melee: Hand axe          |   106 |    93 ||   199
       Kick              |    23 |    24 ||    47
       Peck              |     8 |    13 ||    21
       Punch             |     1 |       ||     1
Throw: Boomerang         |     7 |       ||     7
  Use: Scroll            |     4 |     4 ||     8
       Potion            |       |     3 ||     3
Armor: Leather armour    |    22 |       ||    22
       Ring mail         |    16 |    30 ||    46
Dodge: Dodged            |    58 |    60 ||   118

Table legend:
 A = Non-vault XP
 B = Vault XP
 C = Vault XP percentage of total XP
 D = Non-vault monster count
 E = Vault monster count
 F = Vault count percentage of total count
                 A         B        C        D         E       F
            +---------+---------+-------+---------+---------+-------
      Total |     170 |      14 |   7.6 |      73 |       8 |   9.9
            +---------+---------+-------+---------+---------+-------
        D:1 |      41 |       7 |  14.6 |      25 |       5 |  16.7
        D:2 |      84 |       0 |   0.0 |      28 |       0 |   0.0
        D:3 |      45 |       7 |  13.5 |      20 |       3 |  13.0
            +---------+---------+-------+---------+---------+-------
